Map: Orbital Shipyard

Players

Gød - Winner!

  • Race: Terran Terran

Laukys

  • Race: Protoss Protoss
  • League: Silver

VOD

Have the link to the VOD?

Description

Successful Six Rax build against Plat Player in Legacy of the Void from https://www.reddit.com/r/AllThingsTerran/comments/3t36zq/tve_mma_six_rax_lotv/

Time

  • Played on: Nov. 17, 2015, 11:37 a.m.
  • Length: 4:15
Show
View Real Time Build Order
Export as new Build Order

Gød Terran - Winner!

Build Orders:  

Get SALT Encoding   

  12  0:01  SCV  
  13  0:13  SCV  
  14  0:20  Supply Depot  
  14  0:25  SCV  
  15  0:42  SCV  
  16  0:43  Barracks  
  16  0:54  SCV  
  17  1:02  Barracks  
  17  1:08  SCV  
  18  1:21  SCV  
  19  1:28  Barracks  
  19  1:31  Marine  
  20  1:35  Orbital Command  
  20  1:39  Supply Depot  
  20  1:52  Marine x2  
  22  2:07  Barracks  
  22  2:10  Barracks  
  22  2:12  Barracks  
  22  2:14  Marine x2  
  22  2:15  Marine  
  25  2:27  Supply Depot  
  25  2:32  Marine  
  26  2:37  Marine  
  26  2:38  Marine  
  26  2:41  SCV  
  29  2:50  Supply Depot, Marine  
  30  2:56  Marine x2  
  32  3:01  Marine  
  32  3:03  Marine  
  34  3:06  Marine  
  34  3:09  Marine  
  36  3:14  Marine  
  37  3:23  Marine x3  
  37  3:24  Marine  
  37  3:26  Marine  
  42  3:30  Supply Depot  
  42  3:50  Engineering Bay  
Show
View Real Time Build Order
Export as new Build Order

Laukys Protoss 

Build Orders: 1 Gate Expand 

Get SALT Encoding   

  12  0:01  Probe (Chrono Boost)  
  13  0:11  Probe (Chrono Boost)  
  14  0:18  Pylon  
  14  0:22  Probe (Chrono Boost)  
  15  0:36  Probe (Chrono Boost)  
  15  0:40  Gateway  
  16  0:47  Probe (Chrono Boost)  
  17  0:52  Assimilator  
  17  0:58  Probe (Chrono Boost)  
  18  1:09  Probe (Chrono Boost)  
  19  1:20  Probe (Chrono Boost)  
  20  1:27  Cybernetics Core  
  20  1:30  Probe (Chrono Boost)  
  21  1:42  Nexus  
  21  1:43  Probe (Chrono Boost)  
  22  1:53  Probe (Chrono Boost)  
  23  2:06  Pylon  
  23  2:14  Stargate  
  23  2:27  Assimilator  
  24  2:30  Probe (Chrono Boost)  
  24  2:35  Pylon  
  24  2:39  Pylon  
  24  2:40  Probe (Chrono Boost)  
  25  2:51  Probe (Chrono Boost)  
  26  3:00  Probe (Chrono Boost)  
  26  3:01  Probe (Chrono Boost)  
  28  3:05  Gateway x2  
  28  3:07  Gateway  
  28  3:11  Probe (Chrono Boost)  
  29  3:19  Mothership Core (Chrono Boost)  
Tags
 
Add a new tag
Caveats
  • Supply blocks, unpowered buildings, or Contaminate may cause inaccurate times.
  • Supply counts are checked every 10 seconds.